 Dungeon Crawl Stone Soup version 0.23-a0-389-g4a5eb334b0 (webtiles) character file.

297437 Notair the Slayer (level 20, -4/200 HPs)
             Began as a Minotaur Gladiator on Oct 30, 2018.
             Was the Champion of Okawaru.
             Slain by a snapping turtle (5 damage)
             ... on level 4 of the Shoals on Oct 31, 2018.
             The game lasted 02:46:14 (40835 turns).

Notair the Slayer (Minotaur Gladiator)             Turns: 40835, Time: 02:46:15

Health: -4/200     AC: 47    Str: 25    XL:     20   Next: 44%
Magic:  0/25       EV: 16    Int: 11    God:    Okawaru [******]
Gold:   2568       SH:  0    Dex: 15    Spells: 19/19 levels left

rFire    + . .     SeeInvis .   C - +6 great mace (protect)
rCold    + . .     Gourm    .   (shield currently unavailable)
rNeg     + . .     Faith    .   o - +10 plate armour of the Butterfly {Slay+5}
rPois    +         Spirit   +   G - +2 hat {MR+}
rElec    .         Reflect  .   K - +2 cloak {rPois}
rCorr    .         Harm     .   m - +0 pair of gloves
MR       ++...                  z - +2 pair of boots {Fly}
Stlth    ..........             h - amulet of guardian spirit
HPRegen  0.43/turn              e - ring "Suuptis" {+Fly rF+ rC+ rN+ Str-2}
MPRegen  0.19/turn              Z - +3 ring of strength

@: mighty, lethally poisoned (-4 -> -13), about to teleport, protection aura,
flying, mesmerised
A: retaliatory headbutt, horns 2
}: 1/15 runes: serpentine
a: Heroism, Finesse, Renounce Religion, Stop Flying


You were on level 4 of the Shoals.
You worshipped Okawaru.
Okawaru was exalted by your worship.
You were not hungry.

You visited 6 branches of the dungeon, and saw 32 of its levels.
You also visited: Ossuary.

You collected 3348 gold pieces.
You spent 780 gold pieces at shops.

Inventory:

Hand Weapons
 w - a +0 blowgun
 C - a +6 great mace of protection (weapon)
Missiles
 d - 8 throwing nets (quivered)
 s - 189 poisoned needles
 R - 5 curare-tipped needles
 X - 12 javelins of penetration
Armour
 i - +0 fire dragon scales
 m - a +0 pair of gloves (worn)
 o - the +10 plate armour of the Butterfly (worn) {Slay+5}
   (You found it on level 11 of the Dungeon)

   It affects your accuracy and damage with ranged weapons and melee attacks
   (+5).
 z - a +2 pair of boots of flying (worn)
 G - a +2 hat of magic resistance (worn)
 H - a scarf of cloud immunity
 K - a +2 cloak of poison resistance (worn)
Jewellery
 e - the ring "Suuptis" (left hand) {+Fly rF+ rC+ rN+ Str-2}
   (You bought it in a shop on level 3 of the Snake Pit)

   [ring of protection from cold]

   It affects your strength (-2).
   It protects you from fire.
   It protects you from cold.
   It protects you from negative energy.
   It lets you fly.
 h - an amulet of guardian spirit (around neck)
 A - an uncursed ring of protection from cold
 B - a +5 ring of intelligence
 Q - an uncursed ring of magical power
 Z - a +3 ring of strength (right hand)
Wands
 a - a wand of paralysis (29)
 b - a wand of clouds (14)
 u - a wand of enslavement (10)
 D - a wand of iceblast (53)
 O - a wand of digging (12)
 U - a wand of acid (24)
 V - a wand of flame (40)
 Y - a wand of disintegration (17)
Scrolls
 j - a scroll of magic mapping {unknown}
 p - 19 scrolls of remove curse
 q - a scroll of fog
 y - 2 scrolls of blinking
 F - 12 scrolls of teleportation
 L - 5 scrolls of enchant weapon
 P - a scroll of vulnerability
 T - 7 scrolls of enchant armour
 W - 2 scrolls of immolation
Potions
 c - 5 potions of agility
 g - 3 potions of heal wounds
 k - 2 potions of brilliance
 n - 8 potions of curing
 t - 4 potions of haste
 v - 3 potions of resistance
 x - a potion of invisibility
 E - 3 potions of cancellation
 I - a potion of might
 J - 3 potions of mutation
 N - a potion of berserk rage
 S - 2 potions of magic
Comestibles
 f - 37 rations
 r - a chunk of flesh


   Skills:
 + Level 21.9 Fighting
 - Level 20.0 Maces & Flails
 - Level 2.0 Throwing
 + Level 18.7 Armour
 + Level 13.5 Dodging
 - Level 8.0 Invocations


You had 19 spell levels left.
You didn't know any spells.
Your spell library contained the following spells:

 Spells                   Type           Power        Failure   Level  Hunger
 Animate Skeleton         Necr           N/A          90%         1    ##.....
 Corona                   Hex            #......      90%         1    ##.....
 Flame Tongue             Conj/Fire      #....        90%         1    ##.....
 Magic Dart               Conj           #...         90%         1    ##.....
 Pain                     Necr           #...         90%         1    ##.....
 Summon Small Mammal      Summ           #...         90%         1    ##.....
 Call Imp                 Summ           #.......     97%         2    ###....
 Ensorcelled Hibernation  Hex/Ice        #.....       97%         2    ###....
 Poisonous Vapours        Pois/Air       #.....       97%         2    ###....
 Searing Ray              Conj           #.....       97%         2    ###....
 Throw Flame              Conj/Fire      #.....       97%         2    ###....
 Call Canine Familiar     Summ           #.......     99%         3    ####...
 Confuse                  Hex            #.......     99%         3    ####...
 Conjure Flame            Conj/Fire      #.......     99%         3    ####...
 Dazzling Spray           Conj/Hex       #.....       99%         3    ####...
 Inner Flame              Hex/Fire       #.......     99%         3    ####...
 Mephitic Cloud           Conj/Pois/Air  #.......     99%         3    ####...
 Regeneration             Chrm/Necr      #.........   99%         3    ####...
 Summon Guardian Golem    Hex/Summ       #.......     99%         3    ####...
 Tukima's Dance           Hex            #.......     99%         3    ####...
 Vampiric Draining        Necr           #.........   99%         3    ####...
 Animate Dead             Necr           N/A          100%        4    #####..
 Force Lance              Conj/Tloc      #.......     100%        4    #####..
 Fulminant Prism          Conj/Hex       #.........   100%        4    #####..
 Iskenderun's Mystic Bla  Conj           #.......     100%        4    #####..
 Sticky Flame             Conj/Fire      #.......     100%        4    #####..
 Summon Ice Beast         Ice/Summ       #.......     100%        4    #####..
 Summon Lightning Spire   Summ/Air       #.......     100%        4    #####..
 Fireball                 Conj/Fire      #.........   100%        5    ######.
 Freezing Cloud           Conj/Ice/Air   #.........   100%        6    #######
 Ring of Flames           Chrm/Fire      #.........   100%        7    #######


Dungeon Overview and Level Annotations

Branches:
Dungeon (15/15)            Temple (1/1) D:4            Lair (6/6) D:8
 Shoals (4/4) Lair:2        Snake (4/4) Lair:2        Slime (0/5) Lair:6
    Orc (2/2) D:12            Elf (0/3) Orc:2        Vaults (0/5) D:14
 Depths (0/5) D:15

Altars:
Ashenzari
Cheibriados
Dithmenos
Elyvilon
Gozag
Hepliaklqana
Kikubaaqudgha
Makhleb
Okawaru
Qazlal
Sif Muna
Trog
Uskayaw
Vehumet
Wu Jian
Xom
Yredelemnul
Zin
The Shining One
Beogh
Jiyva
Lugonu

Shops:
D:15 *   Orc:2 **!}   Shoals:2 *   Snake:3 =

Annotations:
D:11 2 runed doors, exclusion: orange crystal statue
D:15 exclusion: Roxanne, Roxanne
Lair:4 exclusion: 3 oklob plants
Orc:1 2 transporters, Adaequkiuc's ghost, journeyman MiFi


Innate Abilities, Weirdness & Mutations

You reflexively headbutt those who attack you in melee.
You have a pair of horns on your head.


Message History

The merfolk impaler hits you from afar with a +1 demon trident of venom.
* * * LOW HITPOINT WARNING * * *
The merfolk javelineer hits you but does no damage.
The merfolk closely misses you.
You feel much better.
You feel sick.
The merfolk aquamancer points at you and mumbles some strange words.
The torrent of water hits you!
* * * LOW HITPOINT WARNING * * *
You are knocked back by the torrent of water.
The wave splashes down.
The merfolk siren hits you with a +0 spear!
* * * LOW HITPOINT WARNING * * *
The merfolk hits you but does no damage.
The merfolk impaler hits you but does no damage.
Space warps horribly around you!
* * * LOW HITPOINT WARNING * * *
The merfolk hits you with a +0 trident.
* * * LOW HITPOINT WARNING * * *
The snapping turtle bites you from afar.
You die...

≈P≈≈≈≈P#.≈P≈≈≈≈≈≈≈≈≈≈≈≈
≈≈≈≈.P≈≈≈≈≈≈≈≈≈≈≈≈≈≈≈≈≈≈
≈≈≈≈≈≈≈≈≈≈≈≈≈≈≈≈≈≈≈≈≈≈≈≈
≈≈≈≈≈≈≈≈≈≈≈≈≈≈≈≈≈≈≈≈≈≈≈≈≈≈
≈PP≈≈P≈≈≈≈≈≈≈≈≈≈≈≈≈≈≈≈≈≈≈≈
≈≈≈≈≈≈≈≈≈≈§m§≈≈≈.≈≈≈≈≈≈≈≈≈
≈≈≈≈≈≈≈≈§§§Hm≈≈...≈≈≈≈≈≈≈≈
≈≈≈≈≈≈≈≈m§§m§≈.H..≈≈≈≈≈≈≈≈
≈≈≈≈≈≈≈≈m@§m)..###..≈≈≈≈≈≈
.P≈≈≈≈≈tmmmm.(.##.m.≈≈≈≈≈≈
..≈≈≈≈≈≈(m≈(≈(..#...≈≈≈≈≈≈
..≈≈...)≈≈(≈≈≈^.(...≈≈≈≈≈≈
.....###[≈≈(...≈≈...≈≈≈≈≈≈
.........≈≈.....(≈(≈≈≈≈≈≈≈
....m......((<<=≈≈≈≈≈≈≈≈≈≈
.............)(†≈≈≈≈.≈≈≈≈≈
.........≈≈†)(..≈≈≈....≈≈≈


You could see 2 merfolk impalers, 2 merfolk javelineers, a snapping turtle, 3
merfolk, a manticore and 2 merfolk sirens.

Vanquished Creatures
  A kraken (Shoals:2)
  Polyphemus (Shoals:2)
  Kirke (Shoals:2)
  Ilsuiw (Shoals:3)
  7 nagarajas
  An orc warlord (Orc:2)
  Azrael (Orc:2)
  5 merfolk impalers
  A merfolk javelineer (Shoals:4)
  Snorg (D:13)
  Josephine (Lair:5)
  3 fire dragons
  16 naga warriors
  12 hydras
  Fannar (D:10)
  6 merfolk avatars
  The ghost of SkaryMonk the Zephyrmancer, a journeyman DrAE of Vehumet (Lair:2)
  2 ogre magi (Orc:2)
  11 two-headed ogres
  A centaur warrior (D:13)
  9 anacondas
  2 catoblepae
  5 merfolk aquamancers
  The ghost of Mesh the Unseen, a journeyman SpEn of Dithmenos (D:11)
  10 death yaks
  5 shock serpents
  17 naga sharpshooters
  10 sea snakes
  An iron troll (Orc:2)
  A deep troll (Orc:2)
  An unseen horror (D:14)
  5 wizards
  9 naga ritualists
  14 harpies
  A deep elf mage (D:15)
  2 lindwurms (Lair:6)
  10 mana vipers
  An orb spider (shapeshifter) (D:14)
  2 oklob plants
  2 orc sorcerers
  10 cyclopes
  5 manticores
  2 ugly things
  11 fauns
  4 elephants
  11 merfolk sirens
  Maurice (D:9)
  3 guardian serpents
  8 salamanders
  32 black mambas
  31 naga magi
  10 spiny frogs
  2 gargoyles
  3 water nymphs
  3 kobold demonologists (D:13)
  3 molten gargoyles
  5 rime drakes
  An efreet (D:14)
  8 komodo dragons
  23 merfolk
  19 trolls
  A queen bee (Lair:3)
  6 wind drakes
  19 dream sheep
  A hornet (D:11)
  6 slime creatures (D:12)
  9 hippogriffs
  2 snapping turtles
  18 blink frogs
  Sigmund (D:2)
  A spriggan (D:7)
  5 wraiths
  A shadow (D:11)
  4 wyverns
  3 fire bats (Lair:2)
  12 water elementals
  4 fire elementals
  A human (shapeshifter) (D:14)
  21 yaks
  5 basilisks
  2 hungry ghosts
  5 steam dragons
  5 hogs (Shoals:3)
  6 wargs
  2 acid dragons
  51 nagas
  5 hell hounds
  8 water moccasins
  5 black bears
  3 porcupines
  22 orc warriors
  Duvessa (D:4)
  An eye of draining (D:14)
  5 ice beasts
  3 phantoms
  2 sky beasts
  2 hornet zombies
  27 ogres
  2 necrophages
  3 wolves
  14 centaurs
  The ghost of Flugkiller the Conjurer, an amateur DgCj (D:3)
  12 crocodiles
  A big kobold (D:13)
  10 bullfrogs
  The ghost of tidbits the Sneak, an amateur FeTm (D:5)
  3 water moccasin zombies (Ossuary)
  Dowan (D:4)
  A water moccasin skeleton (D:8)
  2 scorpions
  34 killer bees
  8 wights
  7 howler monkeys
  4 bullfrog zombies
  9 crimson imps
  7 lava snakes
  A centaur zombie (D:5)
  3 hounds
  A quasit (D:12)
  20 orc wizards
  3 bullfrog skeletons
  18 orc priests
  5 jellies
  Crazy Yiuf (D:4)
  4 centaur skeletons
  4 iguanas
  Natasha (D:4)
  A hell rat (Lair:5)
  11 worker ants
  A killer bee zombie (D:7)
  6 big kobold zombies (Ossuary)
  A hound skeleton (D:4)
  2 mummies (Ossuary)
  2 worker ant zombies
  Robin (D:4)
  12 adders
  A shadow imp (D:13)
  2 oozes
  4 adder zombies
  2 adder skeletons
  5 worms
  3 dart slugs
  4 leopard geckos
  125 orcs
  A giant cockroach (shapeshifter) (D:14)
  7 giant cockroaches
  A gnoll zombie (Ossuary)
  15 goblins
  5 hobgoblins
  15 jackals
  5 quokkas
  8 bats
  3 frilled lizards
  A giant cockroach zombie (D:5)
  6 hobgoblin zombies (Ossuary)
  A jackal zombie (D:5)
  13 kobolds
  8 kobold zombies (Ossuary)
  5 orc zombies (Ossuary)
  A quokka zombie (D:6)
  8 rats
  A demonic plant (D:13)
  2 fungi
  7 tentacles (Shoals:2)
1129 creatures vanquished.

Vanquished Creatures (collateral kills)
  A sea snake (Shoals:4)
  A harpy (Shoals:4)
  A manticore (Shoals:4)
  A merfolk siren (Shoals:4)
  2 merfolk (Shoals:4)
6 creatures vanquished.

Vanquished Creatures (others)
  A harpy (Shoals:4)
  A black mamba (Lair:6)
  A merfolk (Shoals:2)
  A human (Shoals:3)
  A naga (Snake:2)
  A killer bee (Lair:3)
  6 fungi
  12 plants
  6 tentacles (Shoals:2)
30 creatures vanquished.

Grand Total: 1165 creatures vanquished

Notes
Turn   | Place    | Note
-------+----------+-------------------------------------------
     0 | D:1      | Notair the Minotaur Gladiator began the quest for the Orb.
     0 | D:1      | Reached XP level 1. HP: 18/18 MP: 0/0
    83 | D:1      | Reached XP level 2. HP: 25/25 MP: 1/1
   176 | D:1      | Reached skill level 1 in Armour
   509 | D:2      | Reached XP level 3. HP: 30/30 MP: 2/2
   573 | D:2      | Reached skill level 3 in Fighting
   990 | D:2      | Noticed Sigmund
   994 | D:2      | Reached XP level 4. HP: 26/38 MP: 3/3
  1545 | D:2      | Reached skill level 5 in Maces & Flails
  1602 | D:2      | Killed Sigmund
  1602 | D:2      | Reached skill level 4 in Fighting
  1602 | D:2      | Reached XP level 5. HP: 27/46 MP: 4/4
  1602 | D:2      | Reached XP level 6. HP: 30/52 MP: 5/5
  2251 | D:3      | Found a runed gate.
  2251 | D:3      | Found a runed gate.
  2251 | D:3      | Found a runed gate.
  2251 | D:3      | Noticed Flugkiller's ghost (amateur DgCj)
  2256 | D:3      | Found a roughly hewn altar of Beogh.
  2668 | D:3      | Found a white marble altar of Elyvilon.
  3223 | D:3      | Killed Flugkiller's ghost
  3536 | D:4      | Reached XP level 7. HP: 52/60 MP: 6/6
  3557 | D:4      | Noticed Robin
  3565 | D:4      | Killed Robin
  3650 | D:4      | Found a staircase to the Ecumenical Temple.
  3656 | Temple   | Entered the Ecumenical Temple
  3660 | Temple   | Became a worshipper of Warmaster Okawaru
  3704 | D:4      | Reached skill level 5 in Dodging
  3730 | D:4      | Noticed Duvessa
  3730 | D:4      | Noticed Dowan
  3758 | D:4      | Killed Duvessa
  3758 | D:4      | Reached skill level 5 in Fighting
  3969 | D:4      | Killed Dowan
  4066 | D:4      | Found a stormy altar of Qazlal.
  4382 | D:4      | Reached * piety under Okawaru
  4390 | D:4      | Reached XP level 8. HP: 69/69 MP: 7/7
  4436 | D:4      | Noticed Natasha
  4444 | D:4      | Killed Natasha
  4540 | D:4      | Found a runed door.
  4544 | D:4      | Noticed Crazy Yiuf
  4549 | D:4      | Killed Crazy Yiuf
  4549 | D:4      | Reached skill level 5 in Armour
  4631 | D:5      | Entered Level 5 of the Dungeon
  4992 | D:5      | Reached skill level 6 in Fighting
  5327 | D:5      | Found a runed gate.
  5628 | D:5      | Found a bloodstained altar of Trog.
  5698 | D:5      | Found a deep blue altar of Sif Muna.
  5752 | D:5      | Found a runed gate.
  5753 | D:5      | Found a runed gate.
  6001 | D:5      | Noticed tidbits's ghost (amateur FeTm)
  6015 | D:5      | Killed tidbits's ghost
  6024 | D:5      | Reached ** piety under Okawaru
  6024 | D:5      | Reached skill level 10 in Maces & Flails
  6141 | D:6      | Reached skill level 7 in Fighting
  6282 | D:6      | Reached XP level 9. HP: 40/79 MP: 8/8
  7140 | D:6      | Found an ornate altar of the Wu Jian Council.
  7309 | D:7      | Reached skill level 8 in Fighting
  7354 | D:7      | Found a snail-covered altar of Cheibriados.
  7430 | D:7      | Found a sand-covered staircase.
  7441 | Ossuary  | Entered an ossuary
  7547 | Ossuary  | Reached *** piety under Okawaru
  7883 | D:7      | Reached skill level 9 in Fighting
  8238 | D:8      | Reached **** piety under Okawaru
  8377 | D:8      | Reached XP level 10. HP: 39/91 MP: 9/9
  8689 | D:8      | Found a staircase to the Lair.
  9099 | D:8      | Found a hazy altar of Hepliaklqana.
  9331 | D:8      | Found a basalt altar of Yredelemnul.
  9332 | D:8      | Found an opulent altar of Gozag.
  9426 | D:9      | Reached skill level 10 in Fighting
  9450 | D:9      | Found an ancient bone altar of Kikubaaqudgha.
  9450 | D:9      | Found a hazy altar of Hepliaklqana.
  9470 | D:9      | Noticed Maurice
  9478 | D:9      | Noticed a brown ugly thing
  9792 | D:9      | Killed a brown ugly thing
 10421 | D:9      | Paralysed by fainting for 10 turns
 10434 | D:9      | Reached ***** piety under Okawaru
 10502 | D:9      | Killed Maurice
 10778 | D:10     | Entered Level 10 of the Dungeon
 10789 | D:10     | Noticed Fannar
 11153 | D:10     | Killed Fannar
 11294 | D:10     | Identified the +0 short sword of Busa Qirril {flame, rF+}
 11610 | D:10     | Reached skill level 11 in Fighting
 11640 | D:10     | Reached skill level 15 in Maces & Flails
 12070 | D:10     | Reached XP level 11. HP: 97/102 MP: 10/10
 12311 | D:10     | Found a shadowy altar of Dithmenos.
 12328 | D:10     | Received a gift from Okawaru
 12908 | D:11     | Found the +10 large shield of Ignorance {rN+ Int-4}
 12913 | D:11     | Found a runed door.
 13118 | D:11     | Found a runed door.
 13119 | D:11     | Noticed an orange crystal statue
 13381 | D:11     | Noticed a two-headed ogre
 13406 | D:11     | Killed a two-headed ogre
 13406 | D:11     | Reached skill level 12 in Fighting
 14079 | D:11     | Found a runed gate.
 14080 | D:11     | Found a runed gate.
 14080 | D:11     | Found a runed gate.
 14094 | D:11     | Found a roughly hewn altar of Beogh.
 14130 | D:11     | Noticed Mesh's ghost (journeyman SpEn)
 14525 | D:11     | Killed Mesh's ghost
 14525 | D:11     | Reached skill level 13 in Fighting
 14722 | D:11     | Identified the +10 plate armour of the Butterfly {Slay+5}
                  | (You found it on level 11 of the Dungeon)
 15046 | D:12     | Noticed a green ugly thing
 15055 | D:12     | Killed a green ugly thing
 15120 | D:12     | Noticed a four-headed hydra
 15128 | D:12     | Killed a four-headed hydra
 15128 | D:12     | Received a gift from Okawaru
 15128 | D:12     | Reached skill level 14 in Fighting
 15132 | D:12     | Found a hide-covered altar of Uskayaw.
 15268 | D:12     | Reached skill level 1 in Invocations
 15490 | D:12     | Found a roughly hewn altar of Beogh.
 15490 | D:12     | Found a staircase to the Orcish Mines.
 15493 | D:12     | Reached XP level 12. HP: 98/117 MP: 12/12
 15572 | D:12     | Paralysed by an orc sorcerer for 3 turns
 16497 | D:13     | Noticed a two-headed ogre
 16502 | D:13     | Killed a two-headed ogre
 16718 | D:13     | Found a corrupted altar of Lugonu.
 16805 | D:13     | Noticed a centaur warrior
 16809 | D:13     | Killed a centaur warrior
 16955 | D:13     | Noticed a catoblepas
 16963 | D:13     | Killed a catoblepas
 17197 | D:14     | Reached skill level 15 in Fighting
 17268 | D:14     | Received a gift from Okawaru
 17280 | D:14     | Reached skill level 5 in Invocations
 17445 | D:14     | Noticed a five-headed hydra
 17447 | D:14     | Killed a five-headed hydra
 17456 | D:14     | Reached ****** piety under Okawaru
 17495 | D:14     | Noticed Snorg
 17517 | D:13     | Killed Snorg
 17765 | D:14     | Received a gift from Okawaru
 17944 | D:14     | Reached XP level 13. HP: 58/127 MP: 16/16
 18168 | D:14     | Found a gate to the Vaults.
 18374 | D:15     | Entered Level 15 of the Dungeon
 18532 | D:15     | Found Peigy's Assorted Antiques.
 18598 | D:15     | Identified Roxanne's Collected Works on Transformation
 18598 | D:15     | Noticed Roxanne
 18853 | D:15     | Noticed a fire dragon
 18857 | D:15     | Noticed a fire dragon
 18866 | D:15     | Killed a fire dragon
 18866 | D:15     | Reached skill level 10 in Armour
 18874 | D:15     | Killed a fire dragon
 18874 | D:15     | Reached skill level 16 in Fighting
 19140 | D:15     | Found a staircase to the Depths.
 19518 | Lair:1   | Entered Level 1 of the Lair of Beasts
 19685 | Lair:1   | Found a glowing golden altar of the Shining One.
 19687 | Lair:1   | Identified 3 scrolls of acquirement
 20086 | Lair:2   | Found a staircase to the Shoals.
 20317 | Lair:2   | Found a runed door.
 20317 | Lair:2   | Noticed SkaryMonk's ghost (journeyman DrAE)
 20464 | Lair:2   | Found a staircase to the Snake Pit.
 20622 | Lair:2   | Received a gift from Okawaru
 21084 | Lair:2   | Killed SkaryMonk's ghost
 22220 | Lair:4   | Received a gift from Okawaru
 22550 | Lair:4   | Reached skill level 17 in Fighting
 22763 | Lair:4   | Reached XP level 14. HP: 140/140 MP: 19/19
 23816 | Lair:5   | Noticed Josephine
 23823 | Lair:5   | Killed Josephine
 24432 | Lair:6   | Entered Level 6 of the Lair of Beasts
 24515 | Lair:6   | Received a gift from Okawaru
 24516 | Lair:6   | Found a staircase to the Slime Pits.
 24516 | Lair:6   | Found a viscous altar of Jiyva.
 24590 | Lair:6   | Received a gift from Okawaru
 25277 | Lair:6   | Reached skill level 18 in Fighting
 25354 | Lair:6   | Found a large runed door.
 25887 | Lair:6   | Received a gift from Okawaru
 26184 | Lair:6   | Found a large runed door.
 26671 | Orc:1    | Entered Level 1 of the Orcish Mines
 26897 | Orc:1    | Noticed Adaequkiuc's ghost (journeyman MiFi)
 26921 | Orc:1    | Found a transporter.
 27032 | Orc:1    | Found a transporter.
 27327 | Orc:2    | Entered Level 2 of the Orcish Mines
 27343 | Orc:2    | Noticed Azrael
 27354 | Orc:2    | Killed Azrael
 27354 | Orc:2    | Reached XP level 15. HP: 129/149 MP: 17/20
 27464 | Orc:2    | Found a staircase to the Elven Halls.
 27769 | Orc:2    | Received a gift from Okawaru
 27948 | Orc:2    | Noticed an orc warlord
 27965 | Orc:2    | Killed an orc warlord
 28185 | Orc:2    | Found Rikeg's Distillery.
 28195 | Orc:2    | Found Loan's General Store.
 28197 | Orc:2    | Found Kiuh's Gadget Shop.
 28205 | Orc:2    | Found Jatsadimp's Assorted Antiques.
 28670 | Snake:1  | Entered Level 1 of the Snake Pit
 29350 | Snake:1  | Reached skill level 19 in Fighting
 29443 | Snake:1  | Reached skill level 15 in Armour
 29642 | Snake:1  | Reached XP level 16. HP: 160/160 MP: 21/21
 29643 | Snake:1  | Reached XP level 17. HP: 168/168 MP: 22/22
 29644 | Snake:1  | Reached XP level 18. HP: 176/176 MP: 23/23
 30307 | Snake:2  | Received a gift from Okawaru
 30531 | Snake:3  | Found Daodanet's Jewellery Shoppe.
 30535 | Snake:3  | Bought the ring "Suuptis" {+Fly rF+ rC+ rN+ Str-2} for 780
                  | gold pieces
 30697 | Snake:3  | Received a gift from Okawaru
 31213 | Snake:3  | Reached XP level 19. HP: 175/184 MP: 24/24
 31486 | Snake:3  | Identified the +5 trident of the Extremely Mad {speed,
                  | Int+3}
 31487 | Snake:3  | Reached skill level 20 in Fighting
 31900 | Snake:3  | Paralysed by a naga mage for 4 turns
 32280 | Snake:4  | Entered Level 4 of the Snake Pit
 32580 | Snake:4  | Reached skill level 10 in Dodging
 33115 | Snake:4  | Found an ancient bone altar of Kikubaaqudgha.
 34671 | Snake:4  | Received a gift from Okawaru
 34676 | Snake:4  | Identified the +11 morningstar "Tejutow" {speed, rN+ Int+4
                  | Dex+3} (Okawaru gifted it to you on level 4 of the Snake
                  | Pit)
 34935 | Snake:4  | Got a serpentine rune of Zot
 35113 | Shoals:1 | Entered Level 1 of the Shoals
 35118 | Shoals:1 | Reached skill level 21 in Fighting
 35350 | Shoals:1 | Identified the +2 crystal plate armour of Conscience {+Fly}
                  | (You found it on level 1 of the Shoals)
 36429 | Shoals:2 | Found Veiqus's General Store.
 37086 | Shoals:2 | Reached XP level 20. HP: 44/198 MP: 6/25
 37553 | Shoals:2 | Received a gift from Okawaru
 37556 | Shoals:2 | Identified the +7 dire flail "Puppau" {holy, Int+2 Stlth+}
                  | (Okawaru gifted it to you on level 2 of the Shoals)
 38333 | Shoals:3 | Noticed Polyphemus
 38787 | Shoals:3 | Noticed Kirke
 38799 | Shoals:2 | Killed Polyphemus
 39000 | Shoals:2 | Killed Kirke
 39456 | Shoals:3 | Noticed Ilsuiw
 39577 | Shoals:3 | Killed Ilsuiw
 40392 | Shoals:4 | Entered Level 4 of the Shoals
 40495 | Shoals:4 | Received a gift from Okawaru
 40501 | Shoals:4 | Got a pair of shimmering boots {god gift}
 40513 | Shoals:4 | Identified the -7 pair of boots of the Chupacabra {-Tele
                  | rC+ MR+} (Okawaru gifted it to you on level 4 of the
                  | Shoals)
 40834 | Shoals:4 | HP: 7/200 [merfolk impaler/+1 demon trident of venom (6)]
 40835 | Shoals:4 | HP: 1/200 [merfolk/+0 trident (3)]
 40835 | Shoals:4 | Slain by a snapping turtle

Vault maps used:
D:1:      scummos_arrival_simple_fountains
D:2:      uniq_sigmund
D:3:      lemuel_coloured_pillars_altar, first_ration,
          biasface_ghost_orc_armoury
D:4:      nicolae_overflow_crystal_walls, minmay_temple_entry_hall,
          uniq_natasha, uniq_duvessa, uniq_crazy_yiuf_cottage, uniq_robin
D:5:      kennysheep_mini, kennysheep_mini_moat, gammafunk_ghost_necromancy
D:6:      lemuel_crystal_altar, grunt_ministairs_5, kennysheep_generic_room_11
D:7:      old_standard_altar, nicolae_ossuary_entry_monument, the_bakery
D:8:      gammafunk_temple_overflow_pools, grunt_lair_entry_orc_guard_hut,
          basic_altar, chequers_serial_rivers_micro_c
D:9:      kennysheep_ambush_hall, gammafunk_temple_overflow_wave, uniq_maurice
D:10:     grunt_dithmenos_smoke_and_mirrors, uniq_fannar
D:11:     biasface_ghost_orc_armoury, chequers_guarded_unrand_ignorance
D:12:     cheibrodos_wizards_tower, david_orc_5, basic_altar
D:13:     kennysheep_kobold_lugonu_temple
D:14:     david_vaults_4, statue_in_the_mist_lemuel, serial_park_tiny_1,
          uniq_snorg
D:15:     grunt_enter_depths_hoard, serial_shops, nicolae_shop_stone,
          minivault_25, uniq_roxanne
Temple:   nicolae_temple_x_marks_the_god
Lair:1:   basic_altar
Lair:2:   minmay_shoals_entry_centaurs, minmay_snake_entry_spellcaster,
          hellmonk_ghost_happy_afterlife, minmay_lair_oklob_items
Lair:3:   regret_index_combs_of_tragedy, infiniplex_staircase_pool_2
Lair:4:   grunt_megastairs_3, minmay_lair_oklob_chamber
Lair:5:   beast_lair_carwin_3, uniq_josephine
Lair:6:   cheibrodos_lair_end_hotspot, slime_altar_1,
          nicolae_volcano_entry_vermiform
Shoals:2: serial_shops, nicolae_shop_temple_entry_statues_fountains
Shoals:3: nicolae_shoals_drake_roost, uniq_polyphemus, uniq_ilsuiw, uniq_kirke
Shoals:4: shoals_end_hangedman, shoal_ilsuiw
Snake:1:  hangedman_snake_pattern, spider_trap
Snake:2:  nicolae_snake_salamander_stairs
Snake:3:  minmay_shop_star
Snake:4:  snake_pit, lemuel_oklob_altar, serial_bayou_shore_a,
          grunt_megastairs_2
Orc:1:    gammafunk_ghost_stat_death
Orc:2:    st_orc_open, uniq_azrael
Ossuary:  ossuary_tomb_2

Skill      XL: |  1  2  3  4  5  6  7  8  9 10 11 12 13 14 15 16 17 18 19 20 |
---------------+-------------------------------------------------------------+-----
Maces & Flails | 4 5 6 8 10 13 15 16 17 19 20 | 20.0
Armour         | 1 2 3 4 5 9 11 13 15 17 18 | 18.7
Fighting       | 3 4 5 7 9 11 14 15 17 18 19 21 | 21.9
Dodging        | 4 5 6 8 9 12 13 | 13.5
Invocations    | 1 6 8 |  8.0
Throwing       | |  2.0

Action                   |  1- 3 |  4- 6 |  7- 9 | 10-12 | 13-15 | 16-18 | 19-21 || total
-------------------------+-------+-------+-------+-------+-------+-------+-------++-------
Melee: Flail             |    58 |   162 |    25 |       |       |       |       ||   245
       Headbutt          |     5 |    28 |   108 |   194 |   207 |    47 |   239 ||   828
       Dagger            |       |       |   448 |   403 |       |       |       ||   851
       Morningstar       |       |       |       |   529 |   676 |       |       ||  1205
       Punch             |       |       |       |     1 |     3 |       |       ||     4
       Great mace        |       |       |       |       |   355 |   161 |   961 ||  1477
Throw: Stone             |     4 |       |       |       |       |       |       ||     4
       Throwing net      |     1 |       |       |     1 |       |       |       ||     2
       Tomahawk          |       |       |       |     6 |       |       |       ||     6
Invok: Heroism           |       |       |     1 |    17 |     5 |       |     2 ||    25
       Finesse           |       |       |       |     2 |     1 |       |     1 ||     4
 Abil: Stop Flying       |       |       |       |     1 |     1 |       |       ||     2
       Evoke Flight      |       |       |       |     1 |     1 |       |       ||     2
Evoke: Wand              |       |       |       |     1 |       |       |     3 ||     4
  Use: Scroll            |       |     7 |     3 |    17 |    15 |     1 |     8 ||    51
       Potion            |       |     2 |       |     2 |     1 |     2 |    10 ||    17
 Stab: Invisible         |       |     1 |       |       |       |       |       ||     1
       Distracted        |       |       |       |       |     1 |       |       ||     1
  Eat: Chunk             |       |     8 |    12 |    19 |    26 |     5 |    17 ||    87
       Ration            |       |       |     1 |     6 |     4 |       |     4 ||    15
Armor: Leather armour    |    18 |    10 |       |       |       |       |       ||    28
       Scale mail        |       |    37 |       |       |       |       |       ||    37
       Plate armour      |       |     4 |   292 |   605 |   863 |   100 |   911 ||  2775
Dodge: Dodged            |    46 |   113 |   151 |   301 |   444 |    52 |   824 ||  1931

Table legend:
 A = Non-vault XP
 B = Vault XP
 C = Vault XP percentage of total XP
 D = Non-vault monster count
 E = Vault monster count
 F = Vault count percentage of total count
                 A         B        C        D         E       F
            +---------+---------+-------+---------+---------+-------
      Total |  200373 |  111898 |  35.8 |     775 |     355 |  31.4
            +---------+---------+-------+---------+---------+-------
        D:1 |      46 |       0 |   0.0 |      15 |       0 |   0.0
        D:2 |     116 |     238 |  67.2 |      32 |       1 |   3.0
        D:3 |     193 |     130 |  40.2 |      28 |       7 |  20.0
        D:4 |     454 |     323 |  41.6 |      11 |      17 |  60.7
        D:5 |     674 |     189 |  21.9 |      24 |       5 |  17.2
        D:6 |    1017 |       0 |   0.0 |      22 |       0 |   0.0
        D:7 |     980 |     229 |  18.9 |      17 |       1 |   5.6
        D:8 |    1271 |     659 |  34.1 |      22 |       4 |  15.4
        D:9 |     756 |    1089 |  59.0 |      12 |       7 |  36.8
       D:10 |    2665 |     981 |  26.9 |      47 |       1 |   2.1
       D:11 |    4271 |    1502 |  26.0 |      37 |      12 |  24.5
       D:12 |    4194 |    2077 |  33.1 |      28 |      26 |  48.1
       D:13 |    3765 |    2187 |  36.7 |      19 |       4 |  17.4
       D:14 |    7157 |    1563 |  17.9 |      22 |       3 |  12.0
       D:15 |    4434 |    2018 |  31.3 |      14 |       2 |  12.5
     Lair:1 |     389 |       0 |   0.0 |       2 |       0 |   0.0
     Lair:2 |    5810 |    2327 |  28.6 |      19 |       6 |  24.0
     Lair:3 |    1568 |    4859 |  75.6 |       3 |      41 |  93.2
     Lair:4 |    6779 |    2632 |  28.0 |      22 |       8 |  26.7
     Lair:5 |    1744 |    5073 |  74.4 |       7 |      11 |  61.1
     Lair:6 |   13830 |    8737 |  38.7 |      40 |      28 |  41.2
   Shoals:1 |   13567 |       0 |   0.0 |      31 |       0 |   0.0
   Shoals:2 |   22162 |    7732 |  25.9 |      43 |       6 |  12.2
   Shoals:3 |    9949 |    7744 |  43.8 |      25 |      19 |  43.2
   Shoals:4 |    9987 |    7647 |  43.4 |      19 |      15 |  44.1
    Snake:1 |   13211 |       0 |   0.0 |      25 |       0 |   0.0
    Snake:2 |   12531 |    1084 |   8.0 |      25 |       2 |   7.4
    Snake:3 |   22588 |       0 |   0.0 |      44 |       0 |   0.0
    Snake:4 |   26847 |   32787 |  55.0 |      47 |      54 |  53.5
      Orc:1 |    1938 |       0 |   0.0 |      23 |       0 |   0.0
      Orc:2 |    5480 |   17633 |  76.3 |      50 |      42 |  45.7
    Ossuary |       0 |     458 | 100.0 |       0 |      33 | 100.0
            +---------+---------+-------+---------+---------+-------
